 Dungeon Crawl Stone Soup version 0.29.0-5-ge4962eb29e (webtiles) character file.

Game seed: 18124176105500949707

2069 raistware the Thaumaturge (level 9, -2/54 HPs)
             Began as an Octopode Conjurer on Aug 29, 2022.
             Was a Follower of Vehumet.
             Shot with an arrow by a centaur (11 damage)
             ... on level 7 of the Dungeon.
             The game lasted 00:15:00 (8913 turns).

raistware the Thaumaturge (Octopode Conjurer)       Turns: 8913, Time: 00:15:00

Health: -2/54      AC:  1    Str:  7    XL:     9   Next: 26%
Magic:  7/21       EV: 18    Int: 22    God:    Vehumet [*.....]
Gold:   361        SH:  0    Dex: 12    Spells: 19/24 levels left

rFire   + . .      SeeInvis .   m - staff of conjuration
rCold   x . .      Faith    .   (no shield)
rNeg    . . .      Spirit   .   (helmet restricted)
rPois   .          Reflect  .   (no amulet)
rElec   .          Harm     .   j - ring of flight
rCorr   .          Rampage  .   q - ring of fire
Will    .....                   x - +4 ring of evasion
Stlth   +++.......              (no ring)
HPRegen 0.18/turn               (no ring)
MPRegen 0.17/turn               (no ring)
                                (no ring)
                                (no ring)

@: flying
A: almost no armour, amphibious, 8 rings, camouflage 1, gelatinous body 1,
(nimble swimmer 1), tentacles
a: Renounce Religion


You were on level 7 of the Dungeon.
You worshipped Vehumet.
Vehumet was aware of your devotion.
You visited 2 branches of the dungeon, and saw 8 of its levels.

You collected 383 gold pieces.
You spent 22 gold pieces at shops.

Inventory:

Missiles
 c - 5 curare-tipped darts
 v - 4 silver javelins
Armour
 G - an orb of light
Magical Staves
 m - a staff of conjuration (weapon)
Jewellery
 j - a ring of flight (left tentacle)
 q - a ring of fire (right tentacle)
 x - a +4 ring of evasion (on tentacle)
Wands
 k - a wand of roots (4)
 z - a wand of flame (26)
 A - a wand of paralysis (7)
 F - a wand of acid (7)
 H - a wand of mindburst (9)
Scrolls
 b - 3 scrolls of fear
 e - 3 scrolls of magic mapping
 h - 2 scrolls of noise
 i - a scroll of brand weapon {unknown}
 r - a scroll of teleportation {unknown}
 s - 2 scrolls of enchant weapon
 t - 3 scrolls of butterflies {unknown}
 u - a scroll of acquirement {unknown}
 y - a scroll of immolation {unknown}
 B - a scroll of amnesia {unknown}
 D - 2 scrolls of poison {unknown}
 E - a scroll of vulnerability {unknown}
Potions
 a - 4 potions of magic
 d - 5 potions of heal wounds {unknown}
 f - a potion of lignification {unknown}
 g - 5 potions of curing {unknown}
 l - a potion of haste {unknown}
 n - 3 potions of might {unknown}
 o - 2 potions of berserk rage {unknown}
 p - 3 potions of attraction
 w - a potion of invisibility {unknown}
 C - a potion of flight {unknown}


   Skills:
 - Level 2.0 Fighting
 - Level 4.0 Dodging
 - Level 2.6 Stealth
 + Level 8.0 Spellcasting
 + Level 8.0 Conjurations
 - Level 2.0 Translocations


You had 19 spell levels left.
You knew the following spells:

 Your Spells              Type           Power      Damage    Failure   Level
a - Magic Dart            Conj           100%       1d8       1%          1
b - Iskenderun's Mystic   Conj/Tloc      46%        2d10      10%         4

Your spell library contained the following spells:

 Spells                   Type           Power      Damage    Failure   Level
 Shock                    Conj/Air       100%       1d9       1%          1
 Searing Ray              Conj           100%       2d8       1%          2
 Dazzling Flash           Conj/Hex       78%        N/A       4%          3
 Ensorcelled Hibernation  Hex/Ice        16%        N/A       11%         2
 Passwall                 Tmut/Erth      6%         N/A       11%         2
 Fulminant Prism          Conj/Hex       19%        3d11      14%         4
 Swiftness                Air            8%         N/A       22%         3
 Lightning Bolt           Conj/Air       19%        1d34      36%         5
 Airstrike                Air            4%         2d(1-17)  58%         4
 Summon Lightning Spire   Summ/Air       8%         N/A       58%         4


Dungeon Overview and Level Annotations

Branches:
Dungeon (7/15)             Temple (1/1) D:4

Altars:
Ashenzari
Cheibriados
Dithmenos
Elyvilon
Fedhas
Gozag
Kikubaaqudgha
Makhleb
Nemelex Xobeh
Okawaru
Qazlal
Ru
Sif Muna
Trog
Vehumet
Wu Jian
Xom
Zin
The Shining One

Shops:
D:2 ?   D:4 =


Innate Abilities, Weirdness & Mutations

You cannot wear most types of armour.
You are amphibious.
You can wear up to eight rings at the same time.
Your skin changes colour to match your surroundings (Stealth+).
Your rubbery body absorbs attacks. (AC +1, EV +1)
((You are camouflaged when in or above water. (Stealth+)))
You have tentacles for arms and can constrict up to eight enemies at once.


Message History

The centaur shoots an arrow.
The arrow closely misses you.
You feel a surge of power!
The magic dart hits the centaur but does no damage.
The centaur is moderately wounded.
The centaur shoots an arrow.
The arrow hits you!
You feel a surge of power!
The magic dart hits the centaur.
The centaur is moderately wounded.
The centaur shoots an arrow.
The arrow barely misses you.
The centaur shoots an arrow.
The arrow closely misses you.
You feel a surge of power!
The magic dart hits the centaur.
The centaur is heavily wounded.
The centaur shoots an arrow.
The arrow misses you.
You feel a surge of power!
The magic dart hits the centaur.
The centaur is severely wounded.
The centaur shoots an arrow.
The arrow closely misses you.
The centaur shoots an arrow.
The arrow hits you.
You feel a surge of power!
The magic dart hits the centaur.
The centaur is severely wounded.
The centaur shoots an arrow.
The arrow hits you.
A wight comes into view. It is wielding a +2 flail.
You feel a surge of power!
The magic dart hits the centaur.
The centaur is almost dead.
The centaur shoots an arrow.
The arrow closely misses you.
The centaur shoots an arrow.
The arrow hits you!
You are too injured to fight recklessly!
You are too injured to fight recklessly!
You are too injured to fight recklessly!
You are too injured to fight recklessly!
You are too injured to fight recklessly!
You are too injured to fight recklessly!
You are too injured to fight recklessly!
You are too injured to fight recklessly!
You are too injured to fight recklessly!
You are too injured to fight recklessly!
You are too injured to fight recklessly!
Unknown command.
The centaur shoots an arrow.
The arrow hits you!
* * * LOW HITPOINT WARNING * * *
The centaur shoots an arrow.
The arrow hits you!
You die...

.........###.# .
#####.c.......#
...##....z...#..###
#.................
#..##....##.###.#..
#......)รท##.#
#.#.# ..###....##.#
.... ##.#.##.. #.
###@..##.#
####)..### .#
#..)..## #<)[.##
#.).## #####


You could see a centaur and a wight.

Vanquished Creatures
  Menkaure (D:7)
  A black bear (D:4)
  2 orc warriors
  A phantom (D:5)
  3 kobold brigands
  A gnoll sergeant (D:7)
  2 scorpions
  2 necrophages
  5 wights (D:7)
  5 killer bees (D:7)
  3 howler monkeys (D:7)
  2 hounds (D:6)
  3 orc priests
  3 iguanas
  2 orc wizards
  6 gnolls
  4 adders
  2 shadow imps
  An ufetubus (D:6)
  A worm (D:3)
  A dart slug (D:4)
  16 orcs
  9 ball pythons
  5 bats
  3 endoplasms
  6 giant cockroaches
  9 goblins
  9 hobgoblins
  21 kobolds
  6 quokkas
  5 frilled lizards
  3 rats
143 creatures vanquished.

Notes
Turn   | Place    | Note
-------+----------+-------------------------------------------
     0 | D:1      | raistware the Octopode Conjurer began the quest for the
                  | Orb.
     0 | D:1      | Reached XP level 1. HP: 11/11 MP: 3/3
   349 | D:1      | Reached XP level 2. HP: 17/17 MP: 1/5
   932 | D:1      | Reached XP level 3. HP: 13/21 MP: 0/7
  1201 | D:1      | Found a faded altar of an unknown god.
  2136 | D:2      | Found Buofu's Magic Scroll Shoppe.
  2140 | D:2      | Bought a scroll of identify for 22 gold pieces
  2467 | D:2      | Reached XP level 4. HP: 26/27 MP: 6/9
  2701 | D:2      | Learned a level 4 spell: Iskenderun's Mystic Blast
  2726 | D:3      | Found a sparkling altar of Nemelex Xobeh.
  3177 | D:3      | Reached skill level 1 in Translocations
  3523 | D:3      | Reached skill level 1 in Fighting
  3523 | D:3      | Reached XP level 5. HP: 9/33 MP: 1/11
  4094 | D:4      | Found Etwidgh's Jewellery Boutique.
  4136 | D:4      | Reached skill level 5 in Spellcasting
  4136 | D:4      | Reached XP level 6. HP: 19/38 MP: 6/13
  4656 | D:4      | Found a staircase to the Ecumenical Temple.
  4666 | Temple   | Entered the Ecumenical Temple
  4721 | D:4      | Noticed a black bear
  4737 | D:4      | Killed a black bear
  5234 | D:4      | Reached XP level 7. HP: 43/43 MP: 1/16
  5535 | D:5      | Entered Level 5 of the Dungeon
  5604 | D:5      | Found a shadowy altar of Dithmenos.
  5606 | D:5      | Found a white marble altar of Elyvilon.
  5614 | D:5      | Found a radiant altar of Vehumet.
  5616 | D:5      | Found a blossoming altar of Fedhas.
  5617 | D:5      | Found an ornate altar of the Wu Jian Council.
  5619 | D:5      | Became a worshipper of Vehumet
  5624 | D:5      | Found a bloodstained altar of Trog.
  5625 | D:5      | Found a glowing golden altar of the Shining One.
  5731 | D:5      | Reached skill level 5 in Conjurations
  7320 | D:6      | Reached XP level 8. HP: 50/50 MP: 3/17
  7624 | D:7      | Reached * piety under Vehumet
  7624 | D:7      | Offered knowledge of Shock by Vehumet.
  7860 | D:7      | Noticed Menkaure
  8191 | D:7      | Killed Menkaure
  8552 | D:7      | Reached XP level 9. HP: 32/54 MP: 12/21
  8913 | D:7      | Shot with an arrow by a centaur

Illustrated notes

Levels and vault maps discovered:
D:1:      minmay_arrival_hallway, layout_loops_ring,
          hellmonk_ecumenical_altar_leap_of_faith, hangedman_decor_peaks_small,
          chequers_serial_rivers_micro_c, solitary_fountain,
          grunt_decor_junction
D:2:      layout_basic, serial_aquarium, aquarium_bridge_square
          [aquarium_subvault_bridge, aquarium_subvault_bridge,
          aquarium_subvault_wall, aquarium_subvault_wall],
          aquarium_bridge_long_separate [aquarium_subvault_bridge,
          aquarium_subvault_bridge, aquarium_subvault_wall,
          aquarium_subvault_bridge, aquarium_subvault_bridge,
          aquarium_subvault_bridge], aquarium_window_1, aquarium_window_corner,
          aquarium_view_2e, aquarium_view_2a, aquarium_balcony_3b, serial_shops,
          shop
D:3:      layout_basic, lemuel_tele_altar, hex_intersection, grunt_ministairs_5
D:4:      layout_loops_cross, minmay_temple_entry_statues_pillars,
          minmay_shop_enchanted_jewellery, chequers_serial_rivers_large_b,
          minmay_between
D:5:      layout_basic, nicolae_overflow_hallway_of_the_gods, minivault_23
D:6:      layout_rooms
D:7:      layout_rooms, st_stairs_10, kennysheep_potato, uniq_menkaure
Temple:   nicolae_temple_ecumenical_triangle

Skill      XL: |  1  2  3  4  5  6  7  8  9 |
---------------+----------------------------+-----
Spellcasting   | 3 4 5 6 8 |  8.0
Translocations | 2 |  2.0
Fighting       | 1 2 |  2.0
Conjurations   | 5 7 8 |  8.0
Dodging        | 4 |  4.0
Stealth        | |  2.6

Action                   |  1- 3 |  4- 6 |  7- 9 || total
-------------------------+-------+-------+-------++-------
Melee: Unarmed           |    17 |       |       ||    17
       Constrict         |     4 |     1 |     4 ||     9
       Staff             |       |     6 |    19 ||    25
       Tentacles         |       |     2 |     2 ||     4
 Cast: Magic Dart        |    68 |   107 |   180 ||   355
       Iskenderun's Myst |       |     3 |    18 ||    21
Evoke: Wand              |       |       |    16 ||    16
  Use: Scroll            |     3 |       |     2 ||     5
Armor: Skin              |     1 |     3 |     3 ||     7
Dodge: Dodged            |    15 |    22 |    77 ||   114
